 Dungeon Crawl Stone Soup version 0.31.0-11-ge490571c62 (webtiles) character file.

Game seed: 13342444950449754825

15666 Silvore the Carver (level 12, -2/139 HPs)
             Began as a Demonspawn Fighter on Feb 10, 2024.
             Was a High Priest of Okawaru.
             Slain by an orc warlord
             ... wielding a +3 halberd
              (4 damage)
             ... on level 11 of the Dungeon.
             The game lasted 00:26:41 (12093 turns).

Silvore the Carver (Demonspawn Fighter)            Turns: 12093, Time: 00:26:42

Health: -2/139     AC: 13    Str: 26    XL:     12   Next: 3%
Magic:  0/12       EV: 14    Int: 12    God:    Okawaru [*****.]
Gold:   1213       SH:  8    Dex: 14    Spells: 11/11 levels left

rFire   + . .        h - +7 Throatcutter {drain, coup de grace}
rCold   . . .        w - orb of Patience {guile, Fly rPois rF+}
rNeg    . . .        X - +3 troll leather armour
rPois   +            F - +2 helmet {Int+3}
rElec   .            (cloak unavailable)
rCorr   .            (no gloves)
SInv    .            l - +2 pair of boots
Will    .....        s - amulet of guardian spirit Stlth
                     o - +6 ring of strength
HPRegen 1.23/turn    i - ring of willpower
MPRegen 0.26/turn

%: guardian spirit
@: berserking, flying, very quick
A: large bone plates 1, magic regeneration, condensation shield, weakness
stinger 3
a: Renounce Religion, Heroism, Finesse, Duel


You were on level 11 of the Dungeon.
You worshipped Okawaru.
Okawaru was extremely pleased with you.
You visited 3 branches of the dungeon, and saw 14 of its levels.
You also visited: Sewer, Ossuary and Bailey.

You collected 1213 gold pieces.

Inventory:

Hand Weapons
 a - a +1 long sword of flaming
 h - the +7 Throatcutter (weapon) {drain, coup de grace}
   (You found it on level 3 of the Dungeon)
Missiles
 G - 3 throwing nets
 H - 14 boomerangs (quivered)
Armour
 b - a +0 scale mail
 c - a +0 buckler
 f - the +1 cloak of Truth {rElec rC- SInv Stlth+}
   (You acquired it on level 1 of the Dungeon)

   rC-:       It makes you vulnerable to cold.
   rElec:     It insulates you from electricity.
   SInv:      It lets you see invisible.
   Stlth+:    It makes you more stealthy.
 j - a scarf of invisibility
 l - a +2 pair of boots (worn)
 w - the orb of Patience (worn) {guile, Fly rPois rF+}
   (You acquired it in a bailey)

   rF+:       It protects you from fire.
   rPois:     It protects you from poison Fly: It grants you flight.
 F - a +2 helmet of intelligence (worn)
 P - +0 acid dragon scales
 X - a +3 troll leather armour (worn)
Jewellery
 i - a ring of willpower (right hand)
 o - a +6 ring of strength (left hand)
 s - an amulet of guardian spirit (around neck)
 y - a +6 ring of strength
 C - a ring of fire
 K - a ring of see invisible
 S - a +6 ring of intelligence
 U - a ring of willpower
Wands
 L - a wand of digging (3)
 N - a wand of roots (6)
 R - a wand of polymorph (4)
 W - a wand of flame (4)
Scrolls
 g - a scroll of enchant armour
 u - 2 scrolls of blinking
 v - a scroll of summoning
 x - a scroll of fog
 z - 2 scrolls of immolation
 A - 3 scrolls of amnesia
 I - 3 scrolls of teleportation
 J - a scroll of poison
 M - a scroll of identify
 Q - a scroll of torment
 T - a scroll of revelation
 V - a scroll of fear
 Y - a scroll of vulnerability
Potions
 k - 8 potions of curing
 m - 5 potions of attraction
 n - 4 potions of mutation
 p - 4 potions of resistance
 q - 2 potions of brilliance
 t - 2 potions of lignification
 D - 2 potions of degeneration
 E - a potion of cancellation
 O - a potion of enlightenment
 Z - a potion of magic


   Skills:
 + Level 8.2 Fighting
 + Level 11.9 Long Blades
 + Level 8.2 Armour
 + Level 5.3 Dodging
 + Level 2.8 Stealth
 + Level 7.3 Shields


You had 11 spell levels left.
You didn't know any spells.
Your spell library contained the following spells:

 Spells                   Type           Power      Damage    Failure   Level
 Apportation              Tloc           0%         N/A       36%         1
 Kiss of Death            Conj/Necr      0%         2d5       36%         1
 Necrotise                Necr           0%         1d4       36%         1
 Sting                    Conj/Alch      0%         1d3       36%         1
 Ensorcelled Hibernation  Hex/Ice        0%         N/A       50%         2
 Confusing Touch          Hex            0%         N/A       73%         3
 Passwall                 Erth           0%         N/A       73%         3
 Swiftness                Air            0%         N/A       73%         3
 Volatile Blastmotes      Fire/Tloc      0%         2d10      73%         3
 Dispel Undead            Necr           0%         3d6       98%         4
 Fulminant Prism          Conj/Alch      0%         3d5       98%         4
 Iskenderun's Mystic Bla  Conj/Tloc      0%         2d3       98%         4
 Borgnjor's Vile Clutch   Necr/Erth      0%         N/A       100%        5
 Lee's Rapid Deconstruct  Erth           0%         3d4*      100%        5
 Summon Small Mammal      Summ           Unusable   N/A       N/A         1
 Animate Armour           Summ/Erth      Unusable   N/A       N/A         4
 Animate Dead             Necr           Unusable   N/A       N/A         4
 Summon Lightning Spire   Summ/Air       Unusable   N/A       N/A         4
 Summon Forest            Summ/Tloc      Unusable   N/A       N/A         5
 Summon Mana Viper        Hex/Summ       Unusable   N/A       N/A         5
 Death Channel            Necr           Unusable   N/A       N/A         6
 Summon Cactus Giant      Summ           Unusable   N/A       N/A         6

Dungeon Overview and Level Annotations

Branches:
Dungeon (12/15)            Temple (1/1) D:6            Lair (0/5) D:11
    Orc (1/2) D:11          Sewer (visited)         Ossuary (visited)
 Bailey (visited)

Altars:
Ashenzari
Cheibriados
Dithmenos
Fedhas
Gozag
Hepliaklqana
Kikubaaqudgha
Makhleb
Nemelex Xobeh
Okawaru
Qazlal
Ru
Sif Muna
Trog
Uskayaw
Vehumet
Wu Jian
Xom
Yredelemnul

Shops:
D:11 (

Portals:
Abyss: D:3

Annotations:
D:3 2 transporters, TheBioAlchemist's ghost, amateur OnWr
D:11 2 runed translucent doors, TheBioAlchemist's ghost, journeyman GnRe


Innate Abilities, Weirdness & Mutations

You are partially covered in large bone plates. (SH +4)
You regenerate magic rapidly.
A meltable shield of frost defends you. (SH +4)
You have a sharp stinger which inflicts weakening toxins.


Message History

* * * LOW HITPOINT WARNING * * *
You hit the orc warlord but do no damage.
You drain the orc warlord.
The orc warlord is moderately wounded.
The orc warlord hits you with a +3 halberd!
* * * LOW HITPOINT WARNING * * *
You hit the orc warlord. You drain the orc warlord.
You tail-slap the orc warlord, but do no damage.
The orc warlord is moderately wounded.
You feel like a meek peon again.
You hit the orc warlord but do no damage.
You drain the orc warlord.
The orc warlord is moderately wounded.
The orc warlord hits you with a +3 halberd.
* * * LOW HITPOINT WARNING * * *
A red film seems to cover your vision as you go berserk!
You feel yourself moving faster!
You feel mighty! The orc warlord barely misses you.
You slash the orc warlord!
The orc warlord is heavily wounded.
The orc warlord closely misses you.
You slash the orc warlord! You drain the orc warlord.
The orc warlord is heavily wounded.
You slash the orc warlord! You drain the orc warlord.
The orc warlord is severely wounded.
The orc warlord closely misses you.
Hit: h) +7 Throatcutter {drain, coup de grace}
Press: ? - help, Dir - move target, f - orc warlord
Aim: an orc warlord, wielding a +3 halberd and wearing a +2 chain mail of poison resistance (severely wounded, lightly drained, about 22% to evade the +7 Throatcutter)
Okay, then.
You barely miss the orc warlord.
Your tail-slap misses the orc warlord.
The orc warlord is severely wounded.
You slash the orc warlord!
The orc warlord is severely wounded.
The orc warlord hits you with a +3 halberd!
* * * LOW HITPOINT WARNING * * *
You barely miss the orc warlord.
The orc warlord is severely wounded.
The orc warlord hits you with a +3 halberd.
You die...

#####♣.♣. #..~..~.~
##..~~~... ##....~~♣~.
##############.....##..#
#..................##...
#............#.....##...
#.....)[................
#....∩.@................
#......o................
#.(........)............
#..........[.)..........
#..#########.[.....##.##
##.####.................
##...#..........########
#..#....########.......#
#.......#.......######.#


You could see an orc warlord (drained).

Vanquished Creatures
  Gastronok (D:8)
  2 two-headed ogres
  A tengu warrior (D:11)
  An orc knight (Bailey)
  2 orc sorcerers
  A kobold blastminer (Orc:1)
  An unseen horror (D:11)
  2 kobold demonologists
  Psyche (D:8)
  3 trolls (D:11)
  Sigmund (D:6)
  A shadow (D:11)
  A vampire (D:6)
  5 yaks (D:9)
  2 wyverns
  Grum (D:8)
  A warg (Orc:1)
  2 acid dragons
  2 water moccasins
  3 hornet zombies (D:7)
  21 orc warriors
  An ice beast (D:6)
  4 ogres
  4 wolves (D:8)
  3 centaurs
  3 phantoms
  11 kobold brigands
  A bullfrog (D:6)
  A gnoll sergeant (D:9)
  5 scorpions
  3 elf zombies (Ossuary)
  A wyvern skeleton (D:7)
  A wight (D:7)
  A howler monkey (D:9)
  7 killer bees
  6 electric eels
  2 bombardier beetles
  2 centaur zombies (D:7)
  A hound (D:7)
  8 orc priests
  4 jellies
  5 human zombies
  3 gnoll boudas
  A spectral scorpion (Ossuary)
  2 sleepcaps
  4 iguanas
  16 orc wizards
  A hell rat (Sewer)
  2 killer bee zombies (D:7)
  2 crocodile zombies (Ossuary)
  A spectral hound (Ossuary)
  3 mummies (Ossuary)
  2 howler monkey zombies (D:7)
  18 gnolls
  2 river rats (Sewer)
  4 adders
  3 hound simulacra (Ossuary)
  4 shadow imps
  2 white imps
  2 ufetubi (D:5)
  3 spectral adders (Ossuary)
  4 ribbon worms
  3 spectral gnolls (Ossuary)
  A dart slug (D:1)
  An adder simulacrum (Ossuary)
  56 orcs
  3 bats
  7 endoplasms
  4 giant cockroaches
  13 goblins
  18 hobgoblins
  11 jackals
  4 quokkas (D:1)
  5 ball pythons
  2 frilled lizards
  2 gnoll simulacra (Ossuary)
  5 gnoll zombies (Ossuary)
  2 jackal simulacra (Ossuary)
  47 kobolds
  5 kobold zombies (Ossuary)
  6 orc zombies (Ossuary)
  9 rats
  3 spectral jackals (Ossuary)
415 creatures vanquished.

Vanquished Creatures (others)
  5 dream sheep (D:6)
  2 orcs (D:8)
7 creatures vanquished.

Grand Total: 422 creatures vanquished

Notes
Turn   | Place    | Note
-------+----------+-------------------------------------------
     0 | D:1      | Silvore the Demonspawn Fighter began the quest for the Orb.
     0 | D:1      | Reached XP level 1. HP: 18/18 MP: 1/1
    97 | D:1      | Gained mutation: You have a small tail. [demonic ancestry]
    97 | D:1      | Reached XP level 2. HP: 23/24 MP: 2/2
   363 | D:1      | Reached skill level 2 in Long Blades
   645 | D:1      | Found a faded altar of an unknown god.
   697 | D:1      | Gained mutation: A meltable shield of frost defends you.
                  | (SH +4) [demonic ancestry]
   697 | D:1      | Reached XP level 3. HP: 29/29 MP: 3/3
   748 | D:1      | Identified a scroll of acquirement
   748 | D:1      | Acquired the +1 cloak of Truth {rElec rC- SInv Stlth+}
  1749 | D:3      | Found a blossoming altar of Fedhas.
  1756 | D:3      | Found a transporter.
  1863 | D:3      | Noticed a scorpion
  1876 | D:3      | Killed a scorpion
  1877 | D:3      | Reached XP level 4. HP: 28/35 MP: 4/4
  2077 | D:3      | Reached skill level 3 in Long Blades
  2177 | D:3      | Gained mutation: You have a tail ending in a sharp stinger.
                  | [demonic ancestry]
  2177 | D:3      | Reached XP level 5. HP: 23/41 MP: 5/5
  2306 | D:3      | HP: 1/41 [orc wizard/puff of flame (7)]
  2310 | D:3      | Reached skill level 1 in Stealth
  2311 | D:3      | HP: 2/41 [orc/+0 club (1)]
  2320 | D:3      | Reached skill level 4 in Long Blades
  2399 | D:3      | Found a snail-covered altar of Cheibriados.
  2496 | D:3      | Noticed a small abomination
  2504 | D:3      | Noticed TheBioAlchemist's ghost (amateur OnWr)
  2514 | D:3      | Found a transporter.
  2541 | D:3      | Found a one-way gate to the infinite horrors of the Abyss.
  2711 | D:3      | Reached XP level 6. HP: 14/47 MP: 6/6
  2715 | D:3      | Reached skill level 1 in Dodging
  2943 | D:3      | Found the +7 Throatcutter {drain, coup de grace}
  3352 | D:4      | Acquired a scarf of invisibility
  3557 | D:4      | Reached XP level 7. HP: 53/53 MP: 7/7
  3717 | D:5      | Entered Level 5 of the Dungeon
  3720 | D:5      | Found a sand-covered staircase.
  3730 | Ossuary  | Entered an ossuary
  3811 | Ossuary  | Reached skill level 5 in Long Blades
  3926 | Ossuary  | Acquired an amulet of guardian spirit
  3983 | Ossuary  | Reached skill level 6 in Long Blades
  3992 | Ossuary  | Gained mutation: You are partially covered in large bone
                  | plates. (SH +4) [demonic ancestry]
  3992 | Ossuary  | Reached XP level 8. HP: 55/60 MP: 8/8
  4244 | D:5      | Found a glowing drain.
  4254 | Sewer    | Entered a sewer
  4275 | Sewer    | Reached skill level 7 in Long Blades
  5008 | D:6      | Found a staircase to the Ecumenical Temple.
  5021 | Temple   | Entered the Ecumenical Temple
  5028 | Temple   | Became a worshipper of Warmaster Okawaru
  5037 | D:6      | Reached skill level 5 in Shields
  5040 | D:6      | Reached skill level 5 in Armour
  5044 | D:6      | Gained mutation: You have a sharp stinger which inflicts
                  | weakening toxins. [demonic ancestry]
  5044 | D:6      | Reached XP level 9. HP: 65/67 MP: 9/9
  5076 | D:6      | Found a shadowy altar of Dithmenos.
  5185 | D:6      | Noticed Sigmund
  5197 | D:6      | Killed Sigmund
  5197 | D:6      | Reached * piety under Okawaru
  5307 | D:6      | Reached skill level 5 in Fighting
  5482 | D:6      | Found a shimmering altar of Xom.
  5658 | D:6      | Reached skill level 8 in Long Blades
  5978 | D:7      | Reached ** piety under Okawaru
  6442 | D:7      | Found an ancient bone altar of Kikubaaqudgha.
  6513 | D:7      | Gained mutation: You regenerate magic rapidly. [demonic
                  | ancestry]
  6513 | D:7      | Reached XP level 10. HP: 55/74 MP: 8/10
  6720 | D:7      | Found a shimmering blue altar of Sif Muna.
  6824 | D:8      | Noticed Grum
  6840 | D:8      | Reached skill level 9 in Long Blades
  6852 | D:8      | Killed Grum
  6861 | D:8      | Found a flagged portal.
  6908 | Bailey   | Entered a bailey
  7001 | Bailey   | Reached *** piety under Okawaru
  7008 | Bailey   | Noticed an orc knight
  7013 | Bailey   | Noticed an orc sorcerer
  7021 | Bailey   | Killed an orc knight
  7025 | Bailey   | Killed an orc sorcerer
  7168 | Bailey   | Acquired the orb of Patience {guile, Fly rPois rF+}
  7427 | Bailey   | Reached **** piety under Okawaru
  7726 | Bailey   | Found an iron altar of Okawaru.
  7966 | Bailey   | Reached skill level 10 in Long Blades
  8080 | D:8      | Noticed Psyche
  8100 | D:8      | Killed Psyche
  8157 | D:8      | Noticed Gastronok
  8173 | D:8      | Killed Gastronok
  8173 | D:8      | Reached ***** piety under Okawaru
  8173 | D:8      | Received a gift from Okawaru
  8174 | D:8      | Reached XP level 11. HP: 68/83 MP: 9/11
  9276 | D:10     | Entered Level 10 of the Dungeon
  9924 | D:10     | Found a stormy altar of Qazlal.
 10347 | D:11     | Reached skill level 11 in Long Blades
 10374 | D:11     | Found a runed translucent door.
 10375 | D:11     | Noticed a phantasmal warrior
 10379 | D:11     | Found a runed translucent door.
 10392 | D:11     | Noticed a stone giant
 10392 | D:11     | Noticed a centaur warrior
 10393 | D:11     | Noticed a lich
 10393 | D:11     | Noticed a necromancer
 10394 | D:11     | Noticed TheBioAlchemist's ghost (journeyman GnRe)
 10688 | D:11     | Found a staircase to the Lair.
 10721 | D:11     | Noticed a two-headed ogre
 10730 | D:11     | Killed a two-headed ogre
 10899 | D:11     | Found a staircase to the Orcish Mines.
 10910 | D:11     | Found Biowk's Weapon Shoppe.
 10925 | D:11     | Received a gift from Okawaru
 11119 | D:11     | Noticed a tengu warrior
 11126 | D:11     | Killed a tengu warrior
 11127 | D:11     | Reached skill level 5 in Dodging
 11484 | Orc:1    | Entered Level 1 of the Orcish Mines
 11640 | Orc:1    | Noticed a two-headed ogre
 11647 | Orc:1    | Killed a two-headed ogre
 11749 | Orc:1    | Noticed an orc sorcerer
 11758 | Orc:1    | Noticed an orc warlord
 11760 | Orc:1    | Killed an orc sorcerer
 11809 | Orc:1    | Reached XP level 12. HP: 43/93 MP: 7/12
 12086 | D:11     | HP: 3/93 [orc warlord/+3 halberd (4)]
 12092 | D:11     | HP: 2/139 [orc warlord/+3 halberd (8)]
 12093 | D:11     | Slain by an orc warlord

Illustrated notes

Levels and vault maps discovered:
D:1:      spicycebolla_arrival_risky_transporter, layout_basic,
          hellmonk_ecumenical_altar_heavens_door, minmay_pentomino_t2
D:2:      layout_loops_ring
D:3:      layout_basic, fedhas_altar_3, slow_altar_1,
          gammafunk_ghost_abyssal_escape, wad_floor_pattern_untrapped
D:4:      layout_rooms
D:5:      layout_cave_pools, enter_ossuary_1, cheibrodos_sewer_entry_sluice,
          minmay_tree_intersection
D:6:      layout_rooms, mainiacjoe_overflow_24_doors, kb_xom_exploding_sheep,
          temple_fountains, st_stairs_7, serial_bayou_pond_b,
          grunt_ministairs_8, item_on_display_a, uniq_sigmund
D:7:      layout_loops_cross, lemuel_mausoleum_altar_kikubaaqudgha,
          amethyst_overflow_temple_binary, nicolae_grassy_gnolls
D:8:      layout_rooms, enter_bailey_2, minmay_misc_feat_tiny, uniq_grum,
          uniq_gastronok, uniq_psyche
D:9:      layout_basic
D:10:     layout_basic, amcnicky_altar_gilded
D:11:     minmay_distorted_concentric_squares, layout_cave_pools, orc_david_3,
          muffindrake_ghost_dual_entry, serial_rivers,
          chequers_serial_rivers_micro_c, chequers_serial_rivers_micro_a,
          chequers_serial_rivers_small_b, chequers_serial_rivers_marsh,
          chequers_serial_rivers_small_a, chequers_serial_rivers_large_b,
          fungi_pond_lemuel
D:12:     layout_long_grid, minmay_misc_feat_x
Temple:   zaba_magenta_temple
Orc:1:    layout_diamond_mine, basic_altar

Skill      XL: |  1  2  3  4  5  6  7  8  9 10 11 |
---------------+----------------------------------+-----
Armour         | 3 4 5 6 7 8 |  8.2
Shields        | 3 4 5 6 7 |  7.3
Long Blades    | 2 3 4 6 7 8 10 11 | 11.9
Stealth        | 1 2 |  2.8
Dodging        | 1 3 4 5 |  5.3
Fighting       | 4 5 6 8 |  8.2

Action                     |  1- 3 |  4- 6 |  7- 9 | 10-12 || total
---------------------------+-------+-------+-------+-------++-------
  Melee: Long sword        |   148 |   135 |   390 |   451 ||  1124
         Tailslap          |    20 |    17 |    50 |    43 ||   130
 Invoke: Heroism           |       |       |       |     2 ||     2
    Use: Scroll            |    12 |     1 |    16 |    14 ||    43
         Potion            |       |     3 |     1 |     5 ||     9
   Stab: Sleeping          |       |       |     1 |       ||     1
 Armour: Scale mail        |   129 |   102 |   246 |   209 ||   686
         Acid dragon scale |       |       |       |    78 ||    78
         Troll leather arm |       |       |       |    68 ||    68
  Dodge: Dodged            |    76 |    33 |   179 |   263 ||   551
  Block: Buckler           |    56 |    33 |   283 |    45 ||   417
